 Dungeon Crawl Stone Soup version 0.22-a0-833-g8522bf8 (webtiles) character file.

182 KristoblXynda the Skirmisher (level 5, 0/57 HPs)
             Began as an Ogre Berserker on July 25, 2018.
             Was a Believer of Trog.
             Slain by a worker ant (5 damage)
             ... on level 5 of the Dungeon.
             The game lasted 00:04:56 (3709 turns).

KristoblXynda the Skirmisher (Ogre Berserker)       Turns: 3709, Time: 00:04:57

Health: 0/57       AC:  3    Str: 21    XL:     5   Next: 61%
Magic:  5/5        EV: 11    Int: 13    God:    Trog [**....]
Gold:   279        SH:  0    Dex:  9    Spells: 4/4 levels left

rFire    . . .     SeeInvis .   n - +0 flail
rCold    . . .     Gourm    .   (no shield)
rNeg     . . .     Faith    .   b - +0 animal skin
rPois    .         Spirit   .   (helmet restricted)
rElec    .         Reflect  .   (no cloak)
rCorr    .         Harm     .   (gloves unavailable)
MR       +++..                  (boots unavailable)
Stlth    ++........             (no amulet)
HPRegen  1.19/turn              d - ring of protection from magic
MPRegen  0.09/turn              g - ring of stealth

@: brilliant, regenerating
A: large, unfitting armour, tough skin 1
a: Berserk, Trog's Hand, Renounce Religion


You were on level 5 of the Dungeon.
You worshipped Trog.
Trog was pleased with you.
You were hungry.

You visited 1 branch of the dungeon, and saw 5 of its levels.

You collected 279 gold pieces.

Inventory:

Hand Weapons
 n - a +0 flail (weapon)
Armour
 b - a +0 animal skin (worn)
Jewellery
 d - a ring of protection from magic (left hand)
 g - a ring of stealth (right hand)
Scrolls
 a - a scroll of identify
 e - a scroll of immolation {unknown}
 f - 4 scrolls of remove curse
 h - 2 scrolls of teleportation {unknown}
 k - a scroll of fog {unknown}
 p - a scroll of magic mapping {unknown}
Potions
 j - a potion of mutation
 l - a potion of agility
Comestibles
 c - 6 rations


   Skills:
 + Level 5.2 Fighting
 * Level 4.4 Maces & Flails
 + Level 3.5 Dodging


You had 4 spell levels left.
You didn't know any spells.
Your spell library was empty.

Dungeon Overview and Level Annotations

Branches:
Dungeon (5/15)
 Temple: D:4-7

Altars:
Dithmenos
Gozag
Wu Jian
The Shining One

Shops:
D:4 :


Innate Abilities, Weirdness & Mutations

You are too large for most types of armour.
You have tough skin. (AC +1)


Message History

You feel somewhat more hungry.
You feel sick. The worker ant bites you.
* * * LOW HITPOINT WARNING * * *
It was a potion of brilliance.
You feel clever all of a sudden.
* * * LOW HITPOINT WARNING * * *
You feel sick. The worker ant closely misses you.
Unknown command.
It was a potion of curing.
You feel better.
The worker ant waves its antennae.
The worker ant closely misses you.
You hit the worker ant.
The worker ant is almost dead.
The worker ant bites you!
* * * LOW HITPOINT WARNING * * *
The worker ant barely misses you.
You barely miss the worker ant.
The worker ant is almost dead.
The worker ant closely misses you. The worker ant bites you.
You die...

#.. #.# ########
##########.#
#.......
#.......##.#
#.......
#.......##.#
#.......
#.......##.#
#....... #
#.......##.#
###.....
#...##$.a@...##.###
#....(
>............'....#
#.....
.#####.......##.#.#
####'#
#####+####.#.## #.#
#.#..# #.#
####.##.#####..
...............
.######.(######
##.# #


You could see a worker ant.

Vanquished Creatures
  A howler monkey (D:4)
  An orc wizard (D:3)
  3 gnolls (D:3)
  An adder (D:4)
  An ooze (D:3)
  A leopard gecko (D:1)
  3 orcs (D:3)
  3 ball pythons
  11 bats
  3 giant cockroaches
  6 goblins
  7 hobgoblins
  3 jackals (D:1)
  12 kobolds
  6 frilled lizards
  8 rats
70 creatures vanquished.

Notes
Turn   | Place    | Note
-------+----------+-------------------------------------------
     0 | D:1      | KristoblXynda the Ogre Berserker began the quest for the Orb.
     0 | D:1      | Reached XP level 1. HP: 24/24 MP: 1/1
   126 | D:1      | Reached XP level 2. HP: 16/32 MP: 2/2
   774 | D:1      | Reached XP level 3. HP: 40/40 MP: 3/3
   779 | D:1      | Reached ** piety under Trog
  1473 | D:2      | Found an opulent altar of Gozag.
  1553 | D:2      | Found an ornate altar of the Wu Jian Council.
  1588 | D:3      | Found a faded altar of an unknown god.
  1627 | D:3      | Reached XP level 4. HP: 23/49 MP: 4/4
  1885 | D:3      | Reached skill level 5 in Fighting
  1885 | D:3      | Reached XP level 5. HP: 9/57 MP: 5/5
  2653 | D:3      | Found a glowing golden altar of the Shining One.
  2926 | D:4      | Found Afrechim's Book Emporium.
  3148 | D:4      | Found a shadowy altar of Dithmenos.
  3611 | D:5      | Entered Level 5 of the Dungeon
  3703 | D:5      | HP: 2/57 [worker ant (5)]
  3709 | D:5      | Slain by a worker ant

Vault maps used:
D:1:      dpeg_arrival_prison, minmay_pentomino_w4
D:2:      lemuel_round_altar, marbit_many_paths, minivault_25
D:3:      tso_oasis_becter, chequers_ecumenical_altar_simple
D:4:      kennysheep_mini_moat, serial_shops, shop_statue
D:5:      kennysheep_little_box, first_ration, uniq_eustachio,
          uniq_crazy_yiuf_cottage, uniq_edmund

Skill      XL: |  1  2  3  4 |
---------------+-------------+-----
Maces & Flails | 3 4 |  4.4
Dodging        | 3 |  3.5
Fighting       | 5 |  5.2

Action                   |  1- 3 |  4- 6 || total
-------------------------+-------+-------++-------
Melee: Mace              |   150 |    30 ||   180
       Flail             |       |    62 ||    62
Invok: Berserk           |     1 |     1 ||     2
       Trog's Hand       |       |     1 ||     1
  Use: Scroll            |       |     3 ||     3
       Potion            |       |     2 ||     2
 Stab: Sleeping          |     2 |     4 ||     6
  Eat: Chunk             |     2 |     5 ||     7
       Ration            |       |     1 ||     1
Armor: Animal skin       |    63 |    27 ||    90
Dodge: Dodged            |   110 |    64 ||   174

Table legend:
 A = Spawn XP
 B = Non-spawn XP
 C = Spawn XP percentage of total XP
 D = Spawn monster count
 E = Non-spawn monster count
 F = Spawn count percentage of total count
 G = Total turns spent on level
                    A         B        C        D         E        F      G
               +---------+---------+-------+---------+---------+-------+---------
         Total |       0 |     260 |   0.0 |       0 |      70 |   0.0 |  3709
               +---------+---------+-------+---------+---------+-------+---------
           D:1 |       0 |      50 |   0.0 |       0 |      31 |   0.0 |  1202
           D:2 |       0 |      13 |   0.0 |       0 |       9 |   0.0 |   385
           D:3 |       0 |     125 |   0.0 |       0 |      26 |   0.0 |  1118
           D:4 |       0 |      72 |   0.0 |       0 |       4 |   0.0 |   906
               +---------+---------+-------+---------+---------+-------+---------
